Map: Prion Terraces

Players

NoveaStar

  • Race: Zerg Zerg
  • League: Master

FoxeR - Winner!

  • Race: Terran Terran
  • League: Master

VOD

Have the link to the VOD?

Description

Time

  • Played on: Jan. 18, 2016, 11:33 p.m.
  • Length: 9:47
Show
View Real Time Build Order
Export as new Build Order

NoveaStar Zerg 

Build Orders: Hatch First 

Get SALT Encoding   

  12  0:01  Drone  
  13  0:08  Drone  
  14  0:17  Overlord  
  14  0:25  Drone, Extractor  
  15  0:35  Drone x2  
  17  0:44  Drone  
  18  0:59  Hatchery  
  17  1:09  Spawning Pool  
  17  1:11  Drone  
  17  1:14  Drone  
  18  1:22  Drone  
  19  1:29  Overlord  
  19  1:55  Queen  
  19  1:56  Zergling x4  
  23  2:02  Drone  
  24  2:11  Queen  
  24  2:12  Zergling x4  
  28  2:21  Drone  
  30  2:22  Drone  
  30  2:34  Drone  
  30  2:36  Drone  
  32  2:42  Hatchery  
  30  2:44  Spine Crawler x2  
  30  2:47  Queen  
  30  2:49  Drone  
  31  2:53  Drone x2  
  33  3:04  Queen  
  35  3:07  Spine Crawler  
  35  3:08  Drone x2  
  35  3:14  Drone  
  35  3:25  Overlord x2  
  35  3:28  Extractor  
  35  3:30  Drone, Extractor  
  34  3:38  Drone  
  35  3:43  Queen  
  35  3:45  Drone x4  
  35  3:47  Zergling x6  
  42  3:57  Spine Crawler x2, Queen  
  42  4:08  Zergling x2  
  42  4:17  Drone  
  40  4:24  Drone x5  
  40  4:27  Drone x2  
  40  4:28  Roach Warren, Queen  
  46  4:39  Drone x4  
  46  4:40  Drone x2  
  52  4:46  Drone  
  51  4:57  Drone  
  52  5:00  Zergling x4  
  52  5:04  Queen  
  56  5:12  Overlord x4  
  56  5:17  Overlord x2  
  56  5:18  Drone  
  57  5:28  Overlord x2  
  56  5:31  Roach x3  
  56  5:33  Drone  
  56  5:35  Extractor  
  62  5:36  Extractor  
  61  5:44  Roach x3  
  61  5:45  Roach x3  
  73  6:03  Roach x5  
  75  6:12  Roach x2  
  75  6:13  Roach x2  
  81  6:20  Zergling x8  
  81  6:23  Drone x2  
  81  6:34  Metabolic Boost  
  81  6:37  Drone x4  
  85  6:42  Ravager  
  85  6:43  Ravager  
  85  6:44  Ravager  
  85  6:46  Queen  
  88  6:48  Drone, Spine Crawler  
  88  6:49  Drone x2, Spine Crawler  
  88  6:52  Overlord  
  88  6:53  Ravager  
  92  6:56  Drone x2  
  92  6:57  Drone x3  
  96  7:16  Zergling x4  
  96  7:17  Zergling x12  
  96  7:21  Zergling x4  
  106  7:23  Drone  
  106  7:30  Zergling x4  
  106  7:35  Zergling x2  
  106  7:36  Zergling x6  
  107  7:39  Ravager x6  
  107  7:40  Zergling x2  
  107  7:41  Zergling x2  
  115  7:53  Zergling x6  
  115  7:55  Lair  
  118  7:59  Drone x5  
  118  8:02  Hatchery, Extractor x2  
  120  8:10  Hatchery, Zergling x10  
  120  8:12  Zergling x4  
  124  8:19  Hatchery  
  123  8:23  Zergling x6  
  101  8:28  Drone, Zergling x4  
  99  8:39  Drone  
  99  8:41  Zergling x6  
  103  8:52  Drone x2  
  103  8:55  Evolution Chamber  
  104  8:56  Evolution Chamber x2  
  104  9:01  Roach x4  
  104  9:02  Overlord x3, Roach  
  112  9:03  Roach x4  
  112  9:08  Baneling Nest  
  119  9:13  Hydralisk Den  
  119  9:14  Zergling x8  
  118  9:20  Roach x3  
  115  9:30  Zergling x4  
Show
View Real Time Build Order
Export as new Build Order

FoxeR Terran - Winner!

Build Orders:  

Get SALT Encoding   

  12  0:01  SCV  
  13  0:13  SCV  
  14  0:18  Supply Depot  
  14  0:25  SCV  
  15  0:39  SCV  
  15  0:40  Barracks  
  16  0:46  Refinery  
  16  0:51  SCV  
  17  0:59  Barracks  
  17  1:03  SCV  
  18  1:15  SCV  
  19  1:19  Barracks  
  19  1:28  SCV  
  20  1:33  Reaper, Refinery  
  21  1:48  Supply Depot  
  21  1:50  Reaper  
  22  1:56  Orbital Command  
  22  2:06  Reaper  
  23  2:11  Reaper  
  24  2:16  Supply Depot  
  24  2:22  SCV, Reaper  
  26  2:34  SCV  
  27  2:38  Reaper  
  27  2:43  Reaper  
  29  2:48  SCV  
  30  2:56  Reaper  
  31  3:03  Command Center  
  31  3:10  Reaper  
  32  3:15  Reaper  
  33  3:25  SCV  
  34  3:27  Supply Depot  
  34  3:28  Reaper  
  35  3:37  SCV  
  36  3:43  Reaper  
  36  3:47  Reaper  
  37  3:59  Command Center, SCV  
  37  4:00  Reaper  
  39  4:15  Reaper  
  40  4:19  Reaper  
  41  4:27  SCV, Orbital Command  
  43  4:39  SCV  
  44  4:51  SCV  
  47  4:56  Barracks Reactor  
  47  4:57  Barracks Tech Lab x2  
  47  4:58  SCV  
  47  4:59  Barracks  
  45  5:00  Barracks  
  45  5:02  Factory  
  45  5:03  SCV  
  46  5:10  SCV  
  46  5:11  Supply Depot  
  47  5:15  SCV  
  47  5:18  Engineering Bay, Marine  
  47  5:20  Engineering Bay  
  49  5:26  Stimpack  
  51  5:28  SCV x2  
  51  5:34  Orbital Command  
  50  5:44  Marine x2  
  50  5:45  Marine x2  
  50  5:48  Starport  
  55  5:50  SCV  
  55  6:09  Marine  
  54  6:14  Marine  
  54  6:28  Marine  
  54  6:32  Marine  
  56  6:33  Marine x2  
  56  6:34  Starport Reactor  
  56  6:35  Factory Reactor  
  56  6:37  Barracks Reactor x2  
  56  6:38  SCV x3  
  60  6:40  Terran Infantry Weapons Level 1, Terran Infantry Armor Level 1, Refinery x2  
  60  6:44  Supply Depot  
  60  6:46  Supply Depot, Marine  
  61  6:47  Supply Depot  
  61  6:48  Medivac  
  61  6:50  SCV x3, Marine x3  
  69  6:58  Supply Depot  
  69  7:02  SCV x3  
  69  7:03  Marine  
  69  7:08  Marine x3  
  71  7:14  Marine x2  
  75  7:21  Marine x3  
  78  7:26  Marine x3  
  78  7:28  SCV  
  81  7:31  Armory, Barracks, Marine  
  81  7:32  Barracks, Marine  
  82  7:39  Marine x3  
  82  7:40  Medivac x2  
  82  7:41  Orbital Command  
  82  7:43  Marine  
  82  7:44  SCV x2  
  91  7:49  Marine  
  91  7:50  Marine x2  
  91  7:51  Marine  
  96  7:56  SCV x2  
  96  7:57  Marine x2  
  100  7:59  Marine  
  100  8:01  Marine  
  102  8:06  Marine  
  102  8:08  Marine x3  
  102  8:10  Medivac  
  108  8:14  Marine  
  108  8:15  Marine  
  108  8:17  Marine  
  108  8:19  Marine  
  111  8:24  Marine  
  111  8:26  Marine  
  105  8:28  Marine  
  105  8:29  Marine  
  105  8:30  Medivac  
  105  8:31  SCV  
  105  8:32  SCV  
  105  8:34  SCV  
  105  8:37  Marine x3  
  105  8:40  Medivac  
  105  8:41  Marine  
  112  8:42  Marine  
  112  8:43  SCV, Marine  
  115  8:49  Barracks Reactor x2  
  115  8:52  Marine  
  116  8:58  Supply Depot  
  116  8:59  Marine x2  
  116  9:00  Supply Depot, Marine x2  
  120  9:06  Marine  
  121  9:18  Marine  
  119  9:24  Marine  
Tags
 
Add a new tag
Caveats
  • Supply blocks, unpowered buildings, or Contaminate may cause inaccurate times.
  • Supply counts are checked every 10 seconds.